 Dungeon Crawl Stone Soup version 0.32-a0-612-g1c984fe9d1 (webtiles) character file.

Game seed: 12560235751375813976

7 Ruich the Magician (level 2, -3/21 HPs)
             Began as a Djinni Hedge Wizard on Mar 5, 2024.
             Slain by a hobgoblin (4 damage)
             ... on level 1 of the Dungeon.
             The game lasted 00:01:46 (108 turns).

Ruich the Magician (Djinni Hedge Wizard)             Turns: 108, Time: 00:01:47

Health: -3/21      AC:  2    Str:  9    XL:     2   Next: 5%
Gold:   11         EV: 12    Int: 15    God:
                   SH:  0    Dex: 12

rFire   + + .        a - +0 dagger
rCold   x . .        (no shield)
rNeg    . . .        b - +0 robe
rPois   ∞            c - +0 hat
rElec   .            (no cloak)
rCorr   .            (no gloves)
SInv    .            (boots unavailable)
Will    .....        (no amulet)
Stlth   ++           (no ring)
HPRegen 0.23/turn    (no ring)
MPRegen 0.00/turn

%: infuse magic (-4 HP)
@: flying, very slightly contaminated
A: sickness immunity, fire resistance 2, cold vulnerability 1, float, innate
caster, HP casting, extra vitality 1
a: no special abilities


You were on level 1 of the Dungeon.
You visited 1 branch of the dungeon, and saw 1 of its levels.

You collected 11 gold pieces.


Innate Abilities, Weirdness & Mutations

You are immune to sickness and miasma.
You are immune to poison.
Your flesh is very heat resistant. (rF++)
You are vulnerable to cold. (rC-)
You float through the air rather than walking.
You learn spells naturally, not from books.
Your magical power is your life essence.
You have superior vitality. (+4 MHP)


   Skills:
 + Level 2.4 Dodging
 + Level 1.8 Stealth
 + Level 3.1 Spellcasting
 + Level 3.1 Conjurations
 + Level 3.1 Hexes
 + Level 3.1 Summonings
 + Level 3.1 Necromancy
 + Level 3.1 Translocations
 + Level 3.1 Fire Magic
 + Level 3.1 Ice Magic
 + Level 3.1 Air Magic
 + Level 3.1 Earth Magic
 + Level 3.1 Alchemy


You knew the following spells:

 Your Spells              Type           Power      Damage    Failure   Level
c - Call Imp              Summ           22%        N/A       9%          2
d - Mephitic Cloud        Conj/Alch/Air  11%        N/A       16%         3
m - Magic Dart            Conj           44%        1d5       5%          1
s - Slow                  Hex            44%        N/A       5%          1
B - Blink                 Tloc           22%        N/A       9%          2
Your spell library was empty.

Inventory:

Hand Weapons
 a - a +0 dagger (weapon)
Armour
 b - a +0 robe (worn)
 c - a +0 hat (worn)
Scrolls
 d - a scroll of fear {unknown}

Dungeon Overview and Level Annotations

Branches:
Dungeon (1/15)

Altars:

.♣~♣..PPPP...♣~♣..
♣~♣....PP.....♣~♣
.♣.............♣
.♣.............♣
.♣......♣......♣#
..♣....♣.♣....♣.#
[..♣♣♣♣...♣♣♣♣#.#
####
#########.##########
. #.......@gK#....^#
. #.###..###)..# # .
....##)##.##?##
#..##.#?...K...?# ..
..##.....$.## # #.
#.......#
.............. ##
....#...#...#
.##..#...#.#.#


You could see a hobgoblin and a kobold.


Message History

Unknown command.
Casting: Magic Dart (safe; 5% risk of failure)
Confirm with . or Enter, or press ? or * to list all spells.
Aiming: Magic Dart (safe; 5% risk of failure)
Press: ? - help, Shift-Dir - straight line, f/p - hobgoblin
Aim: a hobgoblin (almost dead, 100% to hit)
You miscast Magic Dart.
You are very lightly contaminated with residual magic.
Nothing appears to happen.
* * * LOW HITPOINT WARNING * * *
x2
Casting: Magic Dart (safe; 5% risk of failure)
Confirm with . or Enter, or press ? or * to list all spells.
Aiming: Magic Dart (safe; 5% risk of failure)
Press: ? - help, Shift-Dir - straight line, f/p - hobgoblin
Aim: a hobgoblin (almost dead, 100% to hit)
The hobgoblin is almost dead.
* * * LOW HITPOINT WARNING * * *
The hobgoblin barely misses you.
Unknown command.
You hit the hobgoblin but do no damage.
The hobgoblin is almost dead.
* * * LOW HITPOINT WARNING * * *
Unknown command.
You hit the hobgoblin but do no damage.
The hobgoblin is almost dead.
The hobgoblin misses you.
Unknown command.
You barely miss the hobgoblin.
The hobgoblin is almost dead.
You die...

Action                     || total
---------------------------++-------
  Melee: Dagger            ||     3
   Cast: Magic Dart        ||    17
 Armour: Robe              ||     5
  Dodge: Dodged            ||    11

Levels and vault maps discovered:
D:1:      orjb1_clovarrival, layout_basic, minmay_three_crescents

Notes
Turn   | Place    | Note
-------+----------+-------------------------------------------
     0 | D:1      | Ruich the Djinni Hedge Wizard began the quest for the Orb.
     0 | D:1      | Ruich set off with the following spells memorised: Magic
                  | Dart, Slow, Blink, Call Imp, Mephitic Cloud.
     0 | D:1      | Reached XP level 1. HP: 15/15 MP: 0/0
   101 | D:1      | Reached XP level 2. HP: 8/21 MP: 0/0
   106 | D:1      | HP: 1/21 [hobgoblin (3)]
   108 | D:1      | Slain by a hobgoblin

Vanquished Creatures
  An endoplasm (D:1)
  3 goblins (D:1)
  A bat (D:1)
  A rat (D:1)
6 creatures vanquished.

Table legend: (Time is in decaauts)
 A = Elapsed time spent in this place.
 B = Non-inter-level travel time spent in this place.
 C = Inter-level travel time spent in this place.
 D = Time resting spent in this place.
 E = Time spent auto-exploring this place.
 F = Levels seen in this place.
 G = Mean time per level.
                   A        B        C        D        E       F      G
               +--------+--------+--------+--------+--------+-----+--------+
         Total |    108 |    108 |      0 |     17 |     56 |   1 |  108.0 |
       Dungeon |    108 |    108 |      0 |     17 |     56 |   1 |  108.0 |
               +--------+--------+--------+--------+--------+-----+--------+

Top non-repeatable levels by time:
     D:1: 108 daAuts

Table legend:
 A = Non-vault XP
 B = Vault XP
 C = Vault XP percentage of total XP
 D = Non-vault monster count
 E = Vault monster count
 F = Vault count percentage of total count
                 A         B        C        D         E       F
            +---------+---------+-------+---------+---------+-------
      Total |       4 |       6 |  60.0 |       2 |       4 |  66.7
            +---------+---------+-------+---------+---------+-------
        D:1 |       4 |       6 |  60.0 |       2 |       4 |  66.7
            +---------+---------+-------+---------+---------+-------
